 Dungeon Crawl Stone Soup version 0.27-a0-170-g607d9e9d85 (webtiles) character file.

Game seed: 11001338079910486127

19 hatsuma the Sneak (level 2, -1/20 HPs)
             Began as a Halfling Delver on Jan 28, 2021.
             Succumbed to an adder's poison
             ... in a sewer.
             The game lasted 00:01:49 (276 turns).

hatsuma the Sneak (Halfling Delver)                  Turns: 276, Time: 00:01:50

Health: -1/20      AC:  3    Str: 13    XL:     2   Next: 95%
Magic:  2/2        EV: 14    Int:  8    God:
Gold:   0          SH:  0    Dex: 15    Spells: 1/1 levels left

rFire    . . .     SeeInvis .   a - +0 short sword
rCold    . . .     Faith    .   (shield restricted)
rNeg     . . .     Spirit   .   b - +0 leather armour
rPois    .         Reflect  .   (no helmet)
rElec    .         Harm     .   (no cloak)
rCorr    .         Rampage  .   (no gloves)
Will     .....                  (no boots)
Stlth    +++.......             (no amulet)
HPRegen  0.06/turn              (no ring)
MPRegen  0.08/turn              (no ring)

@: lethally poisoned (-1 -> -25)
A: small, mutation resistance 1
a: no special abilities


You were in a sewer.
You visited 1 branch of the dungeon, and saw 1 of its levels.
You also visited: Sewer.

Inventory:

Hand Weapons
 a - a +0 short sword (weapon)
Armour
 b - a +0 leather armour (worn)
Wands
 g - a wand of digging (3)
Scrolls
 c - a scroll of fog
 d - a scroll of vulnerability {unknown}
 e - a scroll of fear
Potions
 f - a potion of haste


   Skills:
 - Level 2.6 Fighting
 + Level 3.9 Short Blades
 - Level 2.1 Dodging
 - Level 5.4 Stealth


You had one spell level left.
You didn't know any spells.
Your spell library was empty.

Dungeon Overview and Level Annotations

Branches:
Dungeon (5/15)              Sewer (1/1)
 Temple: D:4-7

Altars:


Innate Abilities, Weirdness & Mutations

You are small and have problems with some larger weapons.
You are somewhat resistant to further mutation.


Message History

The adder bites you.
You hit the adder.
The adder is almost dead.
You feel sick. The adder closely misses you.
You closely miss the adder.
The adder is almost dead.
You feel sick. The adder bites you.
* * * LOW HITPOINT WARNING * * *
You hit the adder but do no damage.
The adder is almost dead.
The adder bites you.
* * * LOW HITPOINT WARNING * * *
You are more poisoned.
The adder poisons you! The adder bites you.
* * * LOW HITPOINT WARNING * * *
You are more poisoned.
The adder poisons you!
You miss the adder.
The adder is almost dead.
You die...

######## #### #....≈≈#
##.≈##
#..#..≈########.≈≈≈###
#.##.†.........≈≈≈≈∩∩#
#.####################
#..†≈≈≈≈≈≈≈≈≈≈≈≈≈≈≈##
#..≈≈≈.†≈..≈@S≈≈≈≈≈≈≈
##≈≈≈†.####..#########
#≈≈≈..## #### #≈≈####
#≈## #≈ ##


You could see an adder.

Vanquished Creatures
  A river rat (Sewer)
  A leopard gecko (D:5)
  2 giant cockroaches (D:5)
  A frilled lizard (Sewer)
  7 rats (Sewer)
12 creatures vanquished.

Notes
Turn   | Place    | Note
-------+----------+-------------------------------------------
     0 | D:5      | hatsuma the Halfling Delver began the quest for the Orb.
     0 | D:5      | Reached XP level 1. HP: 15/15 MP: 1/1
    26 | D:5      | Found a glowing drain.
    66 | Sewer    | Entered a sewer
   151 | Sewer    | Reached XP level 2. HP: 16/20 MP: 2/2
   275 | Sewer    | HP: 1/20 [adder (4)]
   276 | Sewer    | Succumbed to an adder's poison

Illustrated notes

Levels and vault maps discovered:
D:5:      wad_lake_hut, layout_basic, gammafunk_temple_overflow_statue,
          portal_sewer_entry_f, uniq_duvessa
Sewer:    sewer_sea

Skill      XL: |  1 |
---------------+----+-----
Short Blades   | 3 |  3.9
Fighting       | |  2.6
Dodging        | |  2.1
Stealth        | |  5.4

Action                   || total
-------------------------++-------
Melee: Short sword       ||    43
  Use: Scroll            ||     1
 Stab: Sleeping          ||     4
Armor: Leather armour    ||     3
Dodge: Dodged            ||    20

Table legend: (Time is in decaauts)
 A = Elapsed time spent in this place.
 B = Non-inter-level travel time spent in this place.
 C = Inter-level travel time spent in this place.
 D = Time resting spent in this place.
 E = Time spent auto-exploring this place.
 F = Levels seen in this place.
 G = Mean time per level.
                   A        B        C        D        E       F      G
               +--------+--------+--------+--------+--------+-----+--------+
         Total |    279 |    279 |      0 |    146 |      0 |   2 |  139.5 |
       Dungeon |     68 |     68 |      0 |      6 |      0 |   1 |   68.0 |
         Sewer |    211 |    211 |      0 |    140 |      0 |   1 |  211.0 |
               +--------+--------+--------+--------+--------+-----+--------+

Top non-repeatable levels by time:
   Sewer: 211 daAuts
     D:5: 68 daAuts
